AoeStats
← EL LEON

Baltic

510630696Analyzed
2v2 RM · 1d ago on Oct 1, 2026· 59m 58s· 4 players
Game mode
Random Map
Map size
Medium (4 player)
Population
200
Speed
Normal
Resources
Standard
Victory
Conquest
Starting age
Dark Age
Ending age
Imperial Age
RankedLock teamsTeams togetherTeam positionsShared explorationLock speedFull tech treeHidden civsTurbo modeCheats
Victory
Defeat
🇨🇱 Mongols · Chile
1162
+15
🇲🇽 Italians · Mexico
1162
+15
🇹🇷 Italians · Türkiye
1166
-16
🇦🇷 Franks · Argentina
1111
-14
EL LEON
1:47 Loom
10:48 Feudal Age
12:18 Double-Bit Axe
12:25 Gold Mining
15:39 Fishing Lines
21:38 Castle Age
20:29 Fletching
24:00 Gillnets
24:21 Medium Warships
24:22 Stone Mining
25:08 Gold Shaft Mining
25:50 Bow Saw
29:41 Clinker Construction
33:16 Imperial Age
31:35 Bodkin Arrow
32:29 Fortified Wall
34:40 Murder Holes
38:19 Elite Skirmisher
40:12 Cavalier
42:52 Husbandry
43:06 Padded Archer Armor
43:17 Forging
43:13 Scale Barding Armor
45:50 Iron Casting
50:39 Conscription
52:18 Chemistry
51:38 Ballistics
52:50 Ordonnance Companies
52:57 Cranequins
55:23 Wheelbarrow
54:18 Heavy Mounted Crossbowman
56:47 Paladin
Cacko
8:43 Loom
11:19 Feudal Age
13:59 Wheelbarrow
14:12 Fishing Lines
14:57 Double-Bit Axe
19:50 Castle Age
19:03 Fletching
19:44 Gold Mining
20:50 Medium Warships
20:28 Demolition Ship
21:21 Gillnets
22:13 Bow Saw
23:41 Stone Mining
34:15 Imperial Age
33:47 Crossbowman
34:33 Thumb Ring
37:12 Ballistics
39:25 Arbalester
42:59 Conscription
44:03 Chemistry
43:04 Bodkin Arrow
43:09 Padded Archer Armor
46:24 Elite Skirmisher
49:50 Hand Cart
53:37 Bracer
55:17 Horse Collar
€njøy™
10:11 Feudal Age
10:52 Double-Bit Axe
10:57 Loom
13:45 Fishing Lines
19:15 Castle Age
18:51 Wheelbarrow
18:32 Gold Mining
19:26 Light Cavalry
21:34 Fletching
21:45 Padded Archer Armor
23:14 Horse Collar
30:46 Bodkin Arrow
34:15 Imperial Age
32:30 Scale Barding Armor
32:36 Forging
37:11 Bracer
39:38 Iron Casting
38:53 Demolition Ship
40:54 Bloodlines
40:08 Hussar
43:27 Heavy Plow
44:33 Ballistics
44:36 Husbandry
48:24 Hand Cart
51:03 Chain Barding Armor
51:44 Blast Furnace
50:43 Onager
Squirtle
6:06 Loom
8:53 Feudal Age
13:09 Wheelbarrow
20:17 Castle Age
18:36 Double-Bit Axe
18:34 Horse Collar
20:30 Stone Mining
21:15 Bow Saw
23:26 Town Watch
26:44 Fletching
26:57 Padded Archer Armor
27:21 Bodkin Arrow
28:57 Husbandry
31:26 Ballistics
32:26 Leather Archer Armor
36:49 Imperial Age
36:55 Hand Cart
36:55 Pikeman
37:08 Elite Mangudai
38:19 Conscription
40:00 Chemistry
40:48 Bracer
41:02 Squires
41:03 Scale Mail Armor
41:13 Forging
41:26 Herbal Medicine
42:00 Conscription
45:29 Chain Mail Armor
45:50 Iron Casting
45:37 Siege Engineers
50:28 Onager
52:14 Drill
52:22 Drill
52:02 Nomads
52:56 Siege Onager
55:03 Plate Mail Armor
56:41 Blast Furnace
59:16 Scale Barding Armor
Connection lost

Rejoining the realm…

Still unreachable

The connection could not be restored.

Session expired

The server has moved on; the page needs a fresh start.